 Dungeon Crawl Stone Soup version 0.28.0-49-g6dfe1f597d (webtiles) character file.

Game seed: 12419763521520031760

56 Exodus22XD the Poker (level 3, 0/28 HPs)
             Began as a Demonspawn Gladiator on May 15, 2022.
             Slain by a goblin
             ... wielding a +0 dagger
             ... led by Robin
              (2 damage)
             ... on level 2 of the Dungeon.
             The game lasted 00:01:31 (2115 turns).

Exodus22XD the Poker (Demonspawn Gladiator)         Turns: 2115, Time: 00:01:31

Health: 0/28       AC:  4    Str: 16    XL:     3   Next: 71%
Magic:  3/3        EV: 12    Int:  9    God:
Gold:   44         SH:  4    Dex: 14    Spells: 2/2 levels left

rFire   . . .      SeeInvis .   a - +0 trident
rCold   . . .      Faith    .   (no shield)
rNeg    . . .      Spirit   .   b - +0 leather armour
rPois   .          Reflect  .   c - +0 helmet
rElec   .          Harm     .   (no cloak)
rCorr   .          Rampage  .   (no gloves)
Will    .....                   (no boots)
Stlth   +.........              (no amulet)
HPRegen 0.09/turn               (no ring)
MPRegen 0.08/turn               (no ring)

@: no status effects
A: condensation shield
a: no special abilities


You were on level 2 of the Dungeon.
You visited 1 branch of the dungeon, and saw 2 of its levels.

You collected 70 gold pieces.
You spent 26 gold pieces at shops.

Inventory:

Hand Weapons
 a - a +0 trident (weapon)
Missiles
 d - 3 throwing nets (quivered)
Armour
 b - a +0 leather armour (worn)
 c - a +0 helmet (worn)
Scrolls
 e - a scroll of vulnerability {unknown}
 g - a scroll of enchant weapon {unknown}
 j - a scroll of fear {unknown}
Potions
 i - a potion of might {unknown}


   Skills:
 + Level 2.3 Fighting
 + Level 3.4 Polearms
 + Level 1.9 Throwing
 + Level 0.9 Armour
 + Level 3.1 Dodging
 + Level 0.2 Stealth
 + Level 0.1 Shields


You had 2 spell levels left.
You didn't know any spells.
Your spell library contained the following spells:

 Spells                   Type           Power      Damage    Failure   Level
 Scorch                   Fire           0%         2d5       58%         2
 Flame Wave               Conj/Fire      0%         2d4       99%         4
 Summon Cactus Giant      Summ           0%         N/A       100%        6


Dungeon Overview and Level Annotations

Branches:
Dungeon (2/15)

Altars:

Shops:
D:1 **!

Annotations:
D:2 Robin


Innate Abilities, Weirdness & Mutations

A meltable shield of frost defends you. (SH +4)


Message History

The endoplasm freezes you.
You are frozen.
An endoplasm is nearby!
You hit the endoplasm.
You kill the endoplasm!
A goblin is nearby!
The goblin shouts!
You hear a shout! x4
There are monsters nearby!
A goblin comes into view. It is wielding a +0 club.
There are monsters nearby!
The goblin shouts!
The hobgoblin shouts!
You hear a shout! x2
There are monsters nearby!
You puncture the goblin!
You kill the goblin!
Robin roars a battlecry!
The goblins go into a battle-frenzy!
You hear a shout!
There are monsters nearby!
You reach to attack!
You barely miss the goblin.
Robin roars a battlecry!
There are monsters nearby!
You closely miss the goblin. Robin throws the goblin at you!
The goblin hits you with a +0 club. The goblin misses you.
The goblin hits you but does no damage. Robin throws the goblin at you!
You hit the goblin.
The goblin is moderately wounded.
The goblin hits you but does no damage. The goblin hits you with a +0 club.
The goblin unwields a +0 hunting sling.
The goblin wields a +0 club.
The goblin barely misses you. The goblin hits you with a +0 club.
You are too injured to fight recklessly!
You closely miss the goblin.
The goblin is moderately wounded.
The goblin barely misses you. The goblin hits you with a +0 club.
* * * LOW HITPOINT WARNING * * *
The goblin hits you with a +0 club.
* * * LOW HITPOINT WARNING * * *
You hit the goblin.
The goblin is heavily wounded.
The goblin hits you with a +0 dagger.
You die...

.#.......##.# #############.#.#
.#..........#.# #.#.#
##..>.......#.# #.#..
#######....#.# #.### #....#.# #.#
#....#.# #.# #....#.# #.#
########....#.###############.###
...............g@gg.g..g....#....
...............ggg...............
#############..###########).#....
###### #..# #.......#.... ......
....# #.#####.#.... ###### ####.#
#.# #.#.... ##############.# #.#
#...### .............).######.#
#...# ######................#
#...#


You could see Robin, 2 hobgoblins and 5 goblins.

Vanquished Creatures
  An adder (D:1)
  2 dart slugs
  3 ball pythons
  7 bats
  5 endoplasms
  A giant cockroach (D:1)
  4 goblins
  2 hobgoblins
  2 quokkas (D:1)
  4 frilled lizards (D:1)
  3 kobolds
  6 rats (D:1)
40 creatures vanquished.

Notes
Turn   | Place    | Note
-------+----------+-------------------------------------------
     0 | D:1      | Exodus22XD the Demonspawn Gladiator began the quest for the
                  | Orb.
     0 | D:1      | Reached XP level 1. HP: 16/16 MP: 1/1
    34 | D:1      | Found Cyniud's Distillery.
   182 | D:1      | Found Xajyrphoabru's Assorted Antiques.
   269 | D:1      | You fall into a shaft and drop 1 floor!
   285 | D:2      | Gained mutation: A meltable shield of frost defends you.
                  | (SH +4) [demonic ancestry]
   285 | D:2      | Reached XP level 2. HP: 17/22 MP: 2/2
   767 | D:2      | Noticed Robin
  1228 | D:1      | Reached XP level 3. HP: 27/27 MP: 3/3
  1231 | D:1      | Found a faded altar of an unknown god.
  1297 | D:1      | Found Miwifrith's General Store.
  1320 | D:1      | Bought a scroll of identify for 26 gold pieces
  1676 | D:1      | HP: 1/27 [adder (2)]
  2115 | D:2      | Slain by a goblin

Illustrated notes

Levels and vault maps discovered:
D:1:      dpeg_arrival_erosion, layout_basic, dreamdust_ecumenical_altar_grove,
          serial_shops, shop, shop, nicolae_lakefront_shop
D:2:      layout_basic, lemuel_old_faithful, uniq_robin

Skill      XL: |  1  2 |
---------------+-------+-----
Polearms       | 3 |  3.4
Dodging        | 3 |  3.1
Fighting       | |  2.3
Throwing       | |  1.9
Armour         | |  0.9
Stealth        | |  0.2
Shields        | |  0.1

Action                   || total
-------------------------++-------
Melee: Trident           ||   136
       Punch             ||     1
  Use: Scroll            ||     2
       Potion            ||     1
 Stab: Sleeping          ||     2
Armor: Leather armour    ||    41
Dodge: Dodged            ||    70
Block: Other             ||    20
